 Dungeon Crawl Stone Soup version 0.24-a0-581-gc0fa6600bf (webtiles) character file.

Game seed: 8688419628948496362

1551 flidderman the Cleaver (level 8, -1/103 HPs)
             Began as a Hill Orc Fighter on Aug 22, 2019.
             Was a Believer of Nemelex Xobeh.
             Slain by an orc warrior
             ... wielding a +0 dire flail
              (6 damage)
             ... on level 7 of the Dungeon on Aug 24, 2019.
             The game lasted 00:19:13 (4725 turns).

flidderman the Cleaver (Hill Orc Fighter)           Turns: 4725, Time: 00:19:14

Health: -1/103     AC: 13    Str: 24    XL:     8   Next: 88%
Magic:  8/8        EV:  6    Int:  8    God:    Nemelex Xobeh [**....]
Gold:   288        SH: 10    Dex: 12    Spells: 7/7 levels left

rFire    . . .     SeeInvis .   a - +0 broad axe
rCold    . . .     Gourm    .   c - +0 shield
rNeg     . . .     Faith    +   j - +0 chain mail
rPois    .         Spirit   .   (no helmet)
rElec    .         Reflect  .   (no cloak)
rCorr    .         Harm     .   x - +0 pair of gloves
MR       .....                  n - +1 pair of boots
Stlth    ..........             B - amulet of faith
HPRegen  0.27/turn              y - ring of flight
MPRegen  0.11/turn              (no ring)

@: berserking (expiring), very quick
A: no striking features
a: Draw Escape, Draw Destruction, Draw Summoning, Renounce Religion, Evoke
Flight


You were on level 7 of the Dungeon.
You worshipped Nemelex Xobeh.
Nemelex Xobeh was pleased with you.
You were not hungry.

You visited 2 branches of the dungeon, and saw 8 of its levels.

You collected 288 gold pieces.

Inventory:

Hand Weapons
 a - a +0 broad axe (weapon)
 b - a +0 hunting sling
 w - a +3 dire flail of protection
 C - a +0 arbalest
Missiles
 h - 5 boomerangs (quivered)
 r - 37 sling bullets
 D - 17 bolts
Armour
 c - a +0 shield (worn)
 j - a +0 chain mail (worn)
 n - a +1 pair of boots (worn)
 x - a +0 pair of gloves (worn)
Jewellery
 o - an uncursed amulet of rage
 y - a ring of flight (left hand)
 B - an amulet of faith (around neck)
Wands
 g - a wand of random effects (14)
 p - a wand of scattershot (6)
Scrolls
 l - 5 scrolls of remove curse
 q - a scroll of enchant weapon
 t - 2 scrolls of enchant armour
 u - 2 scrolls of teleportation
 v - 4 scrolls of amnesia
 E - a scroll of identify
Potions
 d - a potion of might
 e - a potion of ambrosia {unknown}
 i - 2 potions of mutation {unknown}
 k - 2 potions of brilliance {unknown}
 m - 6 potions of curing
 A - 2 potions of flight {unknown}
 F - a potion of agility {unknown}
Comestibles
 f - 11 rations
 z - 16 chunks of flesh


   Skills:
 - Level 5.5 Fighting
 * Level 11.7 Axes
 - Level 5.0 Armour
 - Level 4.9 Shields


You had 7 spell levels left.
You didn't know any spells.
Your spell library was empty.

Dungeon Overview and Level Annotations

Branches:
Dungeon (7/15)             Temple (1/1) D:6

Altars:
Ashenzari
Elyvilon
Fedhas
Gozag
Kikubaaqudgha
Nemelex Xobeh
Okawaru
Qazlal
Trog
Yredelemnul


Message History

You feel yourself moving faster!
You feel mighty!
The orc warrior hits you but does no damage.
You feel a strong urge to attack something.
Found a ration.
Things that are here:
a +0 dagger; a +0 robe Your shield and chain mail prevent you from hitting the orc.
You barely miss the orc warrior.
The orc warrior hits you with a +0 dire flail.
* * * LOW HITPOINT WARNING * * *
You block the orc's attack.
You slice the orc!!
You kill the orc!
You closely miss the orc warrior. You slice the orc priest!!
You kill the orc priest!
You slash the orc warrior! You block the orc warrior's attack.
The orc warrior hits you with a +0 dire flail.
You die...
Your body disappears without a glow.

##...##...## ##..##
#.....##...## #..##
##......#....## #..#
#........#....###..#
#..............#...##
......$.............#
..#...................
##.o................
#.@[.....####......
......#†.....##
#...... ...........###
#...### ###.......##
...# #......## .##
#....... ........
.........%


You could see an orc warrior.

Vanquished Creatures
  2 black bears
  2 phantoms
  A centaur (D:6)
  Blork the orc (D:5)
  A bullfrog (D:6)
  A scorpion (D:4)
  A howler monkey (D:6)
  2 crimson imps
  A hound (D:6)
  4 orc priests
  5 orc wizards
  A gnoll shaman (D:6)
  2 iguanas
  5 worker ants
  15 gnolls
  5 adders
  6 worms
  5 dart slugs
  A leopard gecko (D:2)
  22 orcs
  3 ball pythons (D:1)
  3 giant cockroaches
  10 hobgoblins
  14 jackals
  16 kobolds
  5 quokkas
  2 bats (D:1)
  3 frilled lizards
  9 goblins
  A jackal skeleton (D:3)
  A quokka skeleton (D:5)
  6 rats
156 creatures vanquished.

Notes
Turn   | Place    | Note
-------+----------+-------------------------------------------
     0 | D:1      | flidderman the Hill Orc Fighter began the quest for the
                  | Orb.
     0 | D:1      | Reached XP level 1. HP: 19/19 MP: 1/1
   429 | D:1      | Reached skill level 3 in Axes
   429 | D:1      | Reached XP level 2. HP: 27/27 MP: 2/2
   649 | D:1      | Reached XP level 3. HP: 30/33 MP: 3/3
   930 | D:2      | Found an opulent altar of Gozag.
   931 | D:2      | Found a sparkling altar of Nemelex Xobeh.
   942 | D:2      | Became a worshipper of Nemelex Xobeh the Trickster
  1036 | D:2      | Received a gift from Nemelex Xobeh
  1051 | D:2      | Reached XP level 4. HP: 31/41 MP: 4/4
  1065 | D:2      | Found a blossoming altar of Fedhas.
  1254 | D:2      | Reached skill level 4 in Axes
  1429 | D:2      | Reached XP level 5. HP: 47/47 MP: 5/5
  1959 | D:3      | Reached skill level 5 in Fighting
  1959 | D:3      | Reached XP level 6. HP: 44/56 MP: 6/6
  2380 | D:3      | Received a gift from Nemelex Xobeh
  2409 | D:3      | Found a faded altar of an unknown god.
  2466 | D:4      | Reached * piety under Nemelex Xobeh
  2588 | D:4      | Found a shattered altar of Ashenzari.
  2897 | D:4      | Received a gift from Nemelex Xobeh
  3019 | D:4      | Reached skill level 5 in Axes
  3128 | D:4      | Reached skill level 5 in Armour
  3339 | D:5      | Entered Level 5 of the Dungeon
  3380 | D:5      | Noticed a phantom
  3403 | D:5      | Killed a phantom
  3403 | D:5      | Reached skill level 6 in Axes
  3403 | D:5      | Reached XP level 7. HP: 54/61 MP: 7/7
  3524 | D:5      | Reached ** piety under Nemelex Xobeh
  3525 | D:5      | Received a gift from Nemelex Xobeh
  3646 | D:5      | Noticed Blork the orc
  3655 | D:5      | Killed Blork the orc
  3655 | D:5      | Reached skill level 7 in Axes
  3767 | D:5      | Found a stormy altar of Qazlal.
  4062 | D:6      | Reached skill level 8 in Axes
  4227 | D:6      | Found a bloodstained altar of Trog.
  4248 | D:5      | Reached XP level 8. HP: 69/69 MP: 8/8
  4260 | D:6      | Reached skill level 9 in Axes
  4297 | D:6      | Found a staircase to the Ecumenical Temple.
  4327 | Temple   | Entered the Ecumenical Temple
  4365 | D:6      | Reached skill level 10 in Axes
  4452 | D:6      | Found an ancient bone altar of Kikubaaqudgha.
  4527 | D:6      | Reached skill level 11 in Axes
  4613 | D:6      | Found an iron altar of Okawaru.
  4722 | D:7      | HP: 4/103 [orc warrior/+0 dire flail (5)]
  4725 | D:7      | Slain by an orc warrior

Levels and vault maps discovered:
D:1:      sevenhm_arrival_forest_fort_small_3, layout_loops_corners,
          minmay_ruptured
D:2:      layout_basic, grunt_temple_overflow_opulence, lemuel_doored_altar,
          minmay_goblin_kobold_house
D:3:      layout_loops_ring, chequers_ecumenical_altar_simple
D:4:      layout_loops_corners, nicolae_ashenzari_panopticon, first_ration,
          hex_large
D:5:      layout_rooms, marbit_many_paths, uniq_blork_the_orc
D:6:      layout_rooms, trog_ov_bears_minmay, kiku_gazebo_pond_becter,
          minmay_temple_entry_mini_moons, okawaru_altar_gauntlet_db
D:7:      layout_layer_cave, nicolae_tso_swordbearing_angel,
          nicolae_overflow_crystal_walls, uniq_pikel
Temple:   chequers_temple_sunken

Skill      XL: |  1  2  3  4  5  6  7  8 |
---------------+-------------------------+-----
Axes           | 3 4 6 8 11 | 11.7
Fighting       | 4 5 |  5.5
Armour         | 4 5 |  5.0
Shields        | 4 |  4.9

Action                   |  1- 3 |  4- 6 |  7- 9 || total
-------------------------+-------+-------+-------++-------
Melee: War axe           |    87 |   185 |       ||   272
       Broad axe         |       |    38 |   213 ||   251
 Fire: Hunting sling     |       |    11 |     3 ||    14
 Abil: Evoke Berserk Rag |       |       |     1 ||     1
  Use: Scroll            |       |    10 |     2 ||    12
       Potion            |       |       |     1 ||     1
  Eat: Chunk             |     1 |     7 |     6 ||    14
Armor: Scale mail        |    27 |    69 |       ||    96
       Chain mail        |       |    24 |   127 ||   151
Dodge: Dodged            |    25 |    45 |    53 ||   123
Block: Shield            |    44 |   107 |   146 ||   297

Table legend:
 A = Non-vault XP
 B = Vault XP
 C = Vault XP percentage of total XP
 D = Non-vault monster count
 E = Vault monster count
 F = Vault count percentage of total count
                 A         B        C        D         E       F
            +---------+---------+-------+---------+---------+-------
      Total |    1824 |     393 |  17.7 |     140 |      16 |  10.3
            +---------+---------+-------+---------+---------+-------
        D:1 |      42 |      10 |  19.2 |      23 |       4 |  14.8
        D:2 |     123 |       6 |   4.7 |      20 |       3 |  13.0
        D:3 |     201 |       0 |   0.0 |      37 |       0 |   0.0
        D:4 |     203 |       0 |   0.0 |       9 |       0 |   0.0
        D:5 |     276 |     226 |  45.0 |      19 |       2 |   9.5
        D:6 |     817 |     151 |  15.6 |      27 |       7 |  20.6
        D:7 |     162 |       0 |   0.0 |       5 |       0 |   0.0
            +---------+---------+-------+---------+---------+-------
